Map: [ESL] Alcyone

Players

HeroMarine

  • Race: Terran Terran
  • Spawn Location: 1:00

Serral - Winner!

  • Race: Zerg Zerg
  • Spawn Location: 7:00

Event: ESL SC2 Masters 2023 Winter (Regional)

VOD

Have the link to the VOD?

Description

Time

  • Played on: Nov. 1, 2023, 12:20 p.m.
  • Length: 10:10

All games in this series

Show
View Real Time Build Order
Export as new Build Order

HeroMarine Terran 

Build Orders: Command Center First 

Get SALT Encoding   

  12  0:00  SCV  
  13  0:12  SCV  
  14  0:17  Supply Depot  
  14  0:24  SCV  
  15  0:39  SCV  
  16  0:51  SCV  
  17  0:59  Command Center  
  17  1:03  SCV  
  18  1:12  Barracks  
  18  1:15  SCV  
  19  1:27  SCV  
  20  1:39  SCV  
  21  1:51  SCV  
  21  1:52  Command Center  
  22  1:58  Marine  
  23  2:03  Orbital Command  
  23  2:10  Orbital Command  
  23  2:16  Marine  
  24  2:27  Barracks  
  24  2:29  SCV  
  25  2:34  Barracks, Marine  
  27  2:37  SCV  
  27  2:42  SCV  
  27  2:43  Refinery  
  28  2:49  SCV  
  29  2:52  Marine, Refinery  
  29  2:54  SCV  
  31  3:01  Bunker, SCV  
  31  3:05  Orbital Command  
  32  3:06  SCV  
  32  3:09  Marine  
  34  3:13  SCV  
  34  3:14  Marine  
  34  3:18  SCV  
  34  3:19  Supply Depot  
  37  3:22  Barracks Tech Lab  
  37  3:25  SCV  
  38  3:27  Marine  
  38  3:30  SCV  
  38  3:31  SCV  
  38  3:32  Marine  
  42  3:37  SCV  
  43  3:41  Stimpack  
  43  3:42  Marine, SCV  
  43  3:43  SCV  
  43  3:46  Engineering Bay  
  43  3:48  Marine  
  47  3:49  Marine, SCV  
  47  3:54  SCV  
  51  3:55  SCV  
  51  3:58  Factory  
  51  4:00  Marine  
  51  4:01  SCV  
  53  4:03  Supply Depot  
  53  4:06  SCV  
  53  4:07  SCV, Marine  
  53  4:09  Marine, Refinery  
  57  4:10  Refinery  
  57  4:13  SCV  
  57  4:15  Terran Infantry Weapons Level 1  
  58  4:18  SCV, Marine  
  58  4:19  SCV  
  61  4:26  Barracks, SCV  
  61  4:27  Barracks  
  61  4:29  Supply Depot  
  61  4:30  SCV  
  63  4:33  Marine x2  
  63  4:36  Marine  
  67  4:39  Orbital Command  
  67  4:41  SCV  
  67  4:43  Factory Reactor, SCV, Starport  
  68  4:50  Supply Depot  
  68  4:52  Supply Depot  
  69  4:53  Barracks Reactor, SCV  
  69  4:55  SCV  
  69  4:57  Barracks Reactor, Marine  
  71  5:05  SCV  
  72  5:07  Supply Depot, SCV  
  72  5:10  SCV  
  74  5:14  Barracks, Marine  
  74  5:16  Barracks x2  
  74  5:17  SCV  
  74  5:19  SCV  
  74  5:21  Combat Shield, Barracks Reactor x2  
  77  5:23  SCV  
  77  5:28  Factory Tech Lab  
  78  5:29  SCV  
  78  5:30  Supply Depot  
  78  5:31  Supply Depot  
  78  5:32  SCV, Marine  
  78  5:33  Marine x2  
  78  5:35  Medivac x2  
  87  5:37  SCV  
  87  5:41  SCV, Marine x2  
  91  5:48  Siege Tank  
  94  5:50  Marine, Supply Depot  
  94  5:53  Supply Depot  
  94  5:54  Supply Depot  
  95  5:57  Marine x3  
  95  5:58  Marine x4  
  95  5:59  Marine  
  103  6:05  Marine, Medivac x2  
  103  6:06  Marine x2  
  103  6:08  Marine  
  111  6:15  Supply Depot, Marine x3  
  111  6:16  Marine  
  111  6:18  Marine x3, Supply Depot  
  118  6:19  Marine  
  118  6:21  Siege Tank  
  118  6:22  Terran Infantry Armor Level 1  
  118  6:23  Marine  
  118  6:24  Marine x2  
  125  6:26  Marine  
  126  6:33  Marine x3  
  126  6:34  Marine  
  126  6:35  Medivac x2  
  126  6:36  Marine x2  
  126  6:38  Supply Depot  
  126  6:39  Marine x2  
  138  6:41  Marine  
  138  6:42  Marine x2  
  138  6:44  Marine  
  142  6:51  Supply Depot, Marine x3  
  142  6:52  Marine  
  142  6:54  Marine x2  
  146  6:56  Siege Tank, Marine, Supply Depot  
  146  6:57  Marine  
  146  6:59  Marine  
  146  7:00  Marine x2  
  156  7:01  Marine  
  156  7:05  Medivac, Supply Depot  
  156  7:06  Supply Depot  
  156  7:07  Medivac  
  161  7:08  Marine  
  161  7:09  Marine x2  
  161  7:10  Marine  
  161  7:13  Marine x2  
  167  7:15  Supply Depot x2  
  167  7:16  Marine x2  
  167  7:17  Marine  
  167  7:18  Marine  
  167  7:19  Marine x2  
  173  7:26  Marine x2  
  173  7:27  Marine  
  173  7:28  Marine  
  173  7:29  Siege Tank  
  180  7:30  Marine x2  
  180  7:36  Marine x2  
  181  7:37  Medivac x2  
  181  7:39  Marine x4  
  189  7:44  Marine x2  
  189  7:45  Marine x2  
  189  7:48  Marine x2  
  192  7:53  Marine  
  192  7:56  Marine x2  
  192  7:57  Marine x3  
  183  8:02  Marine x2  
  183  8:03  Marine x2  
  167  8:06  Marine x2  
  167  8:11  Marine  
  150  8:13  Marine  
  150  8:14  Marine  
  150  8:15  Marine x3  
  139  8:20  Siege Tank, Marine x3  
  139  8:21  Marine  
  139  8:24  Marine x2  
  139  8:25  Liberator  
  139  8:26  Liberator  
  150  8:29  Marine  
  150  8:31  Marine  
  150  8:32  Marine x3  
  150  8:33  Marine  
  156  8:37  Marine  
  156  8:38  Marine x2  
  156  8:39  Marine  
  160  8:42  Marine x2  
  160  8:46  Armory, Engineering Bay  
  160  8:47  Marine  
  163  8:49  Marine  
  163  8:50  Marine x4  
  163  8:55  Siege Tank, Marine x2  
  171  8:56  Marine  
  171  8:57  Marine  
  171  8:59  Marine x2  
  177  9:05  Marine  
  177  9:07  Marine  
  177  9:08  Marine x4  
  174  9:13  Marine x2  
  174  9:14  Marine x2  
  178  9:17  Marine x2  
  178  9:22  Marine  
  179  9:25  Marine  
  179  9:26  Marine x4  
  179  9:27  Siege Tank, Medivac  
  179  9:31  Marine x2  
  186  9:32  Marine x2  
  186  9:35  Marine x2  
  186  9:40  Marine  
  186  9:42  Marine  
  186  9:43  Marine  
  186  9:44  Marine x3  
  182  9:49  Marine x2  
  182  9:50  Marine x2  
Show
View Real Time Build Order
Export as new Build Order

Serral Zerg - Winner!

Build Orders: Hatch First 

Get SALT Encoding   

  12  0:00  Drone  
  13  0:12  Overlord  
  13  0:17  Drone  
  14  0:30  Drone x2  
  16  0:47  Hatchery  
  15  0:50  Drone  
  15  0:53  Drone  
  15  0:56  Drone  
  18  1:08  Extractor  
  17  1:12  Spawning Pool  
  17  1:15  Drone  
  17  1:18  Drone  
  18  1:27  Drone  
  19  1:38  Drone  
  20  1:49  Drone  
  21  1:58  Queen x2  
  21  1:59  Zergling x2  
  21  2:00  Zergling x2  
  27  2:08  Metabolic Boost  
  27  2:10  Overlord  
  27  2:11  Drone  
  28  2:27  Hatchery  
  28  2:29  Drone  
  28  2:32  Drone  
  28  2:34  Drone  
  30  2:37  Drone  
  30  2:43  Queen  
  33  2:48  Overlord  
  33  2:51  Drone  
  33  2:53  Drone  
  33  2:56  Drone  
  36  3:07  Overlord  
  36  3:08  Drone x3  
  36  3:10  Drone  
  40  3:15  Drone  
  40  3:17  Drone  
  42  3:22  Queen  
  42  3:25  Queen  
  42  3:26  Drone  
  47  3:28  Drone  
  48  3:38  Overlord  
  48  3:39  Queen  
  48  3:40  Drone x2  
  52  3:43  Drone  
  52  3:44  Drone  
  52  3:45  Drone  
  52  3:47  Drone  
  56  3:50  Drone  
  56  3:52  Drone  
  58  3:56  Roach Warren  
  58  3:58  Overlord  
  58  4:00  Overlord  
  57  4:06  Drone x4  
  61  4:11  Overlord  
  61  4:13  Overlord  
  61  4:14  Drone  
  62  4:18  Drone x2  
  62  4:23  Drone  
  65  4:24  Drone  
  65  4:27  Lair  
  65  4:28  Drone  
  65  4:30  Extractor  
  65  4:31  Extractor  
  65  4:34  Drone  
  65  4:37  Drone x6  
  72  4:44  Overlord  
  72  4:49  Drone x3  
  72  4:52  Drone x2, Hatchery  
  77  4:56  Drone  
  77  4:58  Extractor  
  76  5:01  Evolution Chamber x2  
  76  5:02  Drone x2  
  76  5:04  Drone  
  76  5:07  Extractor  
  75  5:08  Extractor  
  75  5:10  Drone x3  
  75  5:12  Drone x3  
  75  5:13  Overlord  
  80  5:16  Roach  
  80  5:21  Roach  
  84  5:24  Roach  
  84  5:25  Overseer  
  84  5:26  Glial Reconstitution  
  84  5:28  Zerg Missile Weapons Level 1  
  86  5:29  Zerg Ground Armor Level 1  
  86  5:32  Drone  
  86  5:34  Drone  
  86  5:35  Roach x3  
  94  5:40  Roach x3  
  100  5:45  Overlord  
  100  5:48  Overlord  
  100  5:51  Roach x2  
  100  5:52  Overlord  
  100  5:57  Infestation Pit, Overlord  
  104  6:01  Baneling Nest  
  104  6:03  Drone x7  
  109  6:09  Drone x2  
  111  6:14  Queen  
  111  6:15  Drone  
  111  6:16  Overlord  
  116  6:18  Roach x3  
  116  6:19  Roach x3  
  116  6:25  Drone  
  127  6:30  Hatchery  
  126  6:34  Hive  
  126  6:38  Zergling x18  
  135  6:41  Ravager x3  
  135  6:45  Drone x4, Centrifugal Hooks  
  135  6:46  Drone  
  143  6:50  Overlord x2  
  143  6:52  Overlord  
  143  6:59  Hatchery  
  142  7:03  Zergling x12  
  148  7:08  Overlord x2  
  148  7:10  Zergling x6  
  148  7:11  Zergling x2  
  152  7:16  Overlord  
  152  7:17  Zergling x12  
  152  7:18  Zergling x2  
  158  7:24  Zerg Melee Weapons Level 1, Zerg Ground Armor Level 2  
  158  7:29  Baneling x8  
  158  7:35  Zergling x20  
  166  7:38  Baneling x4  
  166  7:41  Zergling x8  
  170  7:45  Ravager x2  
  170  7:47  Zergling x14  
  170  7:48  Zergling x2  
  176  7:54  Zergling x14  
  176  7:58  Baneling x9  
  169  7:59  Zergling x2  
  169  8:05  Zergling x8  
  168  8:10  Baneling x4  
  168  8:11  Zergling x6  
  159  8:14  Roach  
  159  8:15  Roach x5  
  159  8:18  Viper  
  159  8:19  Viper  
  165  8:23  Zergling x8  
  165  8:25  Baneling x6  
  167  8:29  Zergling x10  
  167  8:32  Adrenal Glands  
  172  8:35  Zergling x8  
  172  8:39  Zergling x4  
  178  8:53  Drone  
  178  8:54  Drone x3  
  183  8:55  Zergling x8  
  183  8:56  Zergling x10  
  183  9:01  Baneling  
  183  9:02  Baneling x5  
  191  9:05  Zergling x10  
  191  9:06  Zergling x8  
  191  9:07  Zergling x2  
  191  9:09  Zergling x6  
  198  9:13  Baneling x12  
  198  9:19  Zergling x4  
  199  9:25  Baneling x10  
  196  9:33  Zergling x10  
  193  9:38  Zergling x2  
  193  9:39  Zergling x12  
  192  9:51  Zergling x38  
Tags
 
Add a new tag
Caveats
  • Supply blocks, unpowered buildings, or Contaminate may cause inaccurate times.
  • Supply counts are checked every 10 seconds.